 Dungeon Crawl Stone Soup version 0.21.0-30-g47ce8e4 (webtiles) character file.

90 seren the Magician (level 4, 0/32 HPs)
             Began as a Mummy Ice Elementalist on Jan 28, 2018.
             Killed from afar by an orc wizard (7 damage)
             ... with a magic dart
             ... on level 2 of the Dungeon.
             The game lasted 00:12:03 (2097 turns).

seren the Magician (Mummy Ice Elementalist)         Turns: 2097, Time: 00:12:03

Health: 0/32       AC:  3    Str: 11    XL:     4   Next: 32%
Magic:  1/9        EV: 12    Int: 15    God:
Gold:   119        SH:  0    Dex: 12    Spells: 4/10 levels left

rFire    x . .     SeeInvis .   b - +0 hunting sling
rCold    + . .     Gourm    .   (no shield)
rNeg     + + +     Faith    .   e - +0 robe
rPois    ∞         Spirit   .   (no helmet)
rElec    .         Reflect  .   c - +0 cloak
rCorr    .         Harm     .   (no gloves)
MR       .....                  (no boots)
Stlth    ++........             (no amulet)
HPRegen  0.10/turn              (no ring)
MPRegen  0.11/turn              (no ring)

@: no status effects
A: no food or potions, fire vulnerability, cold resistance 1, negative energy
resistance 3, torment resistance, unbreathing
a: no special abilities


You were on level 2 of the Dungeon.
You were not hungry.

You visited 1 branch of the dungeon, and saw 3 of its levels.
You also visited: Sewer.

You collected 119 gold pieces.

Inventory:

Hand Weapons
 a - a +0 dagger
 b - a +0 hunting sling (weapon)
 d - a +0 whip
 i - a +0 spear
Missiles
 g - 8 sling bullets (quivered)
 m - 6 stones
Armour
 c - a +0 cloak (worn)
 e - a +0 robe (worn)
Scrolls
 f - a scroll of teleportation {!r}
 h - 3 scrolls of remove curse
 j - a scroll of fog
 k - a scroll of immolation {unknown}
Books
 l - a book of Frost

   Spells                             Type                      Level
   a - Freeze                         Ice                          1
   b - Throw Frost                    Conjuration/Ice              2
   c - Ozocubu's Armour               Charms/Ice                   3
   d - Throw Icicle                   Conjuration/Ice              4
   e - Summon Ice Beast               Ice/Summoning                4


   Skills:
 + Level 1.3 Fighting
 - Level 2.0 Dodging
 + Level 2.2 Stealth
 + Level 3.5 Spellcasting
 + Level 1.0 Conjurations
 + Level 3.0 Ice Magic


You had 4 spell levels left.
You knew the following spells:

 Your Spells              Type           Power        Failure   Level  Hunger
a - Freeze                Ice            ##..         5%          1    N/A
b - Throw Frost           Conj/Ice       #.....       12%         2    N/A
c - Ozocubu's Armour      Chrm/Ice       #.......     30%         3    N/A

Dungeon Overview and Level Annotations

Branches:
Dungeon (3/15)

Altars:


Innate Abilities, Weirdness & Mutations

You do not eat or drink.
Your flesh is vulnerable to fire.
You are immune to poison.
Your flesh is cold resistant. (rC+)
You are immune to negative energy. (rN+++)
You are immune to unholy pain and torment.
You can survive without breathing.


Message History

Casting: Throw Frost
Confirm with . or Enter, or press ? or * to list all spells.
Aiming: Throw Frost
Press: ? - help, Shift-Dir - straight line, f/p - orc wizard
Aim: an orc wizard, wielding a dagger and wearing a robe (severely wounded, fast)
The puff of frost hits the orc wizard.
The orc wizard is almost dead.
The orc wizard casts a spell at you. The magic dart hits you!
* * * LOW HITPOINT WARNING * * *
Casting: Throw Frost
Confirm with . or Enter, or press ? or * to list all spells.
Aiming: Throw Frost
Press: ? - help, Shift-Dir - straight line, f/p - orc wizard
Aim: an orc wizard, wielding a dagger and wearing a robe (almost dead, fast)
The puff of frost hits the orc wizard.
The orc wizard is almost dead.
The orc wizard casts a spell at you. The magic dart hits you!
You die...

.###..........##.
.....................#..
........##...#.##....#..
(...(..........##.......
................##.......
......(.......#..#........
..................#........
.........o.................
.......#.o@....#...........
...............#.....#.#.##
#.....#.#.....#.......#.## ...
#..................#..#...
....####.#+#.#)#####'##......####
..............<##.<...####.#.####
...####.....................#...
...# #................##.#.....
####.###.#'#.............#.......


You could see an orc wizard and an orc.

Vanquished Creatures
  4 adders
  A dart slug (D:1)
  2 leopard geckos
  An orc (D:2)
  A ball python (D:1)
  4 giant cockroaches
  8 goblins
  2 hobgoblins
  4 kobolds
  13 bats
  2 frilled lizards
  7 rats
49 creatures vanquished.

Notes
Turn   | Place    | Note
-------+----------+-------------------------------------------
     0 | D:1      | seren the Mummy Ice Elementalist began the quest for the Orb.
     0 | D:1      | Reached XP level 1. HP: 13/13 MP: 4/4
   357 | D:1      | Reached XP level 2. HP: 20/20 MP: 2/5
   480 | D:1      | Learned a level 2 spell: Throw Frost
  1013 | D:2      | Reached XP level 3. HP: 25/25 MP: 5/7
  1379 | D:2      | Reached skill level 1 in Fighting
  1689 | D:3      | Reached XP level 4. HP: 26/32 MP: 2/9
  1691 | D:3      | Found a glowing drain.
  1755 | Sewer    | Entered a sewer
  1774 | Sewer    | Reached skill level 1 in Conjurations
  1784 | Sewer    | Learned a level 3 spell: Ozocubu's Armour
  1864 | Sewer    | Noticed a crocodile
  2097 | D:2      | Killed from afar by an orc wizard

Skill      XL: |  1  2  3  4 |
---------------+-------------+-----
Spellcasting   | 3 |  3.5
Stealth        | 2 |  2.2
Fighting       | 1 |  1.3
Dodging        | 2 |  2.0
Conjurations   | 1 |  1.0
Ice Magic      | 3 |  3.0

Action                   |  1- 3 |  4- 6 || total
-------------------------+-------+-------++-------
Melee: Unarmed           |    11 |       ||    11
       Dagger            |    16 |       ||    16
 Fire: Hunting sling     |       |    12 ||    12
 Cast: Freeze            |    50 |    18 ||    68
       Throw Frost       |    13 |     6 ||    19
  Use: Scroll            |     3 |       ||     3
 Stab: Sleeping          |     1 |       ||     1
Armor: Robe              |    10 |    16 ||    26
Dodge: Dodged            |    55 |    25 ||    80
